 Dungeon Crawl Stone Soup version 0.29.1-15-g9cfb28693d (webtiles) character file.

Game seed: 6622637742645100020

315358 EarthwalkerPL the Slayer (level 20, -4/198 HPs)
             Began as a Minotaur Fighter on Apr 30, 2023.
             Was the Champion of Okawaru.
             Slain by a doom hound (22 damage)
             ... led by Grunn
             ... on level 3 of the Depths.
             The game lasted 02:09:24 (46696 turns).

EarthwalkerPL the Slayer (Minotaur Fighter)        Turns: 46696, Time: 02:09:25

Health: -4/198     AC: 49    Str: 33    XL:     20   Next: 51%
Magic:  27/27      EV: 10    Int: 17    God:    Okawaru [******]
Gold:   1979       SH: 22    Dex: 13    Spells: 19/19 levels left

rFire   + . .      SeeInvis .   T - +8 war axe of Conscience {vorpal, rN+ Str+4 Int+4}
rCold   + . .      Faith    .   S - +3 tower shield of Rationality {Regen+}
rNeg    + . .      Spirit   .   h - +12 crystal plate armour of the Conjuring Gods {rElec Will+ Int+4}
rPois   +          Reflect  .   l - +2 hat "Vorihum" {Dex+2}
rElec   +          Harm     .   (no cloak)
rCorr   .          Rampage  +   E - +3 pair of gauntlets of War {Slay+5}
Will    ++...                   Y - +1 pair of boots
Stlth   ..........              M - amulet of Zafanofu {Acrobat Rampage rF+ rC+ Int+4}
HPRegen 1.23/turn               b - +4 ring of slaying
MPRegen 0.20/turn               H - ring of poison resistance

@: about to teleport, doom-hounded
A: horns 2, retaliatory headbutt
}: 2/15 runes: serpentine, barnacled
a: Renounce Religion, Heroism, Finesse, Duel


You were on level 3 of the Depths.
You worshipped Okawaru.
Okawaru was exalted by your worship.
You visited 8 branches of the dungeon, and saw 37 of its levels.
You also visited: Gauntlet and Ice Cave.

You collected 5250 gold pieces.
You spent 3271 gold pieces at shops.

Inventory:

Hand Weapons
 e - the +8 lance "Wyrmbane" {slay drac, rPois rF+ rC+ AC+3}
   (You took it off a deep elf demonologist on level 3 of the Elven Halls)

   It inflicts extra damage against dragons and draconians.
   AC:        It affects your AC (+3).
   rF:        It protects you from fire.
   rC:        It protects you from cold.
   rPois:     It protects you from poison.
 T - the +8 war axe of Conscience (weapon) {vorpal, rN+ Str+4 Int+4}
   (You found it on level 10 of the Dungeon)

   It inflicts extra damage upon your enemies.
   Str:       It affects your strength (+4).
   Int:       It affects your intelligence (+4).
   rN:        It protects you from negative energy.
Missiles
 j - 15 silver javelins (quivered)
 q - 27 poisoned darts
 v - 4 curare-tipped darts
 z - 28 javelins
 C - 39 boomerangs
Armour
 h - the +12 crystal plate armour of the Conjuring Gods (worn) {rElec Will+ Int+4}
   (Okawaru gifted it to you on level 12 of the Dungeon)

   Int:       It affects your intelligence (+4).
   rElec:     It insulates you from electricity.
   Will:      It increases your willpower.
 l - the +2 hat "Vorihum" (worn) {Dex+2}
   (Okawaru gifted it to you on level 4 of the Shoals)

   Dex:       It affects your dexterity (+2).
 p - the +1 cloak of Qoclich {-Tele rN++}
   (You bought it in a shop on level 2 of the Dungeon)

   rN:        It greatly protects you from negative energy.
   -Tele:     It prevents most forms of teleportation.
 u - the +3 faerie dragon scales {rC+ rN+ Will+ rCorr Int-3}
   (You took it off the Enchantress on level 3 of the Depths)

   Int:       It affects your intelligence (-3).
   rC:        It protects you from cold.
   rN:        It protects you from negative energy.
   rCorr:     It protects you from acid and corrosion.
   Will:      It increases your willpower.
 E - the +3 pair of gauntlets of War (worn) {Slay+5}
   (You bought it in a shop on level 1 of the Orcish Mines)

   Slay:      It affects your accuracy & damage with ranged weapons and melee
   (+5).
 S - the +3 tower shield of Rationality (worn) {Regen+}
   (Okawaru gifted it to you in a Gauntlet)

   Regen:     It increases your rate of health regeneration.
 Y - a +1 pair of boots (worn)
 Z - a +0 kite shield of reflection
Jewellery
 b - a +4 ring of slaying (left hand)
 k - a ring of protection from fire
 m - an amulet of the acrobat
 w - a ring of protection from cold
 H - a ring of poison resistance (right hand)
 M - the amulet of Zafanofu (around neck) {Acrobat Rampage rF+ rC+ Int+4}
   (You bought it in a shop on level 1 of the Snake Pit)

   [amulet of the acrobat]

   It increases your evasion while moving and waiting.
   Int:       It affects your intelligence (+4).
   rF:        It protects you from fire.
   rC:        It protects you from cold.
   Rampage:   It bestows one free step when moving towards enemies.
 N - an amulet of regeneration
Wands
 x - a wand of mindburst (32)
 K - a wand of acid (24)
 P - a wand of polymorph (29)
 Q - a wand of iceblast (19)
 U - a wand of flame (60)
 V - a wand of digging (12)
Scrolls
 c - 7 scrolls of enchant weapon
 n - 6 scrolls of magic mapping
 o - a scroll of poison
 r - 5 scrolls of brand weapon
 s - 2 scrolls of torment
 y - 15 scrolls of teleportation
 A - 6 scrolls of fog
 G - 5 scrolls of enchant armour
 I - 12 scrolls of blinking
 R - 4 scrolls of fear
Potions
 a - a potion of berserk rage
 d - 9 potions of might
 f - 7 potions of lignification
 g - 14 potions of curing
 i - 7 potions of degeneration
 t - 6 potions of magic
 B - 2 potions of cancellation
 D - 2 potions of attraction
 F - 4 potions of flight
 J - 5 potions of haste
 L - 3 potions of invisibility
 O - 9 potions of ambrosia
 W - 10 potions of heal wounds
 X - a potion of brilliance


   Skills:
 * Level 21.3 Fighting
 * Level 21.1 Axes
 + Level 11.3 Throwing
 * Level 21.3 Armour
 + Level 12.4 Dodging
 + Level 15.6 Shields
 + Level 11.4 Invocations


You had 19 spell levels left.
You didn't know any spells.
Your spell library contained the following spells:

 Spells                   Type           Power      Damage    Failure   Level
 Apportation              Tloc           0%         N/A       99%         1
 Freeze                   Ice            0%         1d3       99%         1
 Necrotise                Necr           0%         1d4       99%         1
 Sandblast                Erth           0%         2d4       99%         1
 Slow                     Hex            0%         N/A       99%         1
 Blink                    Tloc           0%         N/A       100%        2
 Poisonous Vapours        Pois/Air       0%         N/A       100%        2
 Sublimation of Blood     Necr           0%         N/A       100%        2
 Confusing Touch          Hex            0%         N/A       100%        3
 Dazzling Flash           Conj/Hex       0%         N/A       100%        3
 Frozen Ramparts          Ice            0%         1d1       100%        3
 Gell's Gravitas          Tloc           0%         N/A       100%        3
 Lesser Beckoning         Tloc           0%         N/A       100%        3
 Stone Arrow              Conj/Erth      0%         3d7       100%        3
 Swiftness                Air            0%         N/A       100%        3
 Teleport Other           Tloc           0%         N/A       100%        3
 Vampiric Draining        Necr           0%         2d6       100%        3
 Airstrike                Air            0%         2d(0-16)  100%        4
 Corpse Rot               Necr/Pois/Air  0%         N/A       100%        4
 Hailstorm                Conj/Ice       0%         3d3       100%        4
 Ice Form                 Ice/Tmut       0%         N/A       100%        4
 Iskenderun's Mystic Bla  Conj/Tloc      0%         2d3       100%        4
 Passage of Golubria      Tloc           0%         N/A       100%        4
 Petrify                  Tmut/Erth      0%         N/A       100%        4
 Agony                    Necr           0%         N/A       100%        5
 Alistair's Intoxication  Tmut/Pois      0%         N/A       100%        5
 Blade Hands              Tmut           0%         N/A       100%        5
 Freezing Cloud           Conj/Ice/Air   0%         6-21      100%        5
 Irradiate                Conj/Tmut      0%         3d11      100%        5
 Metabolic Englaciation   Hex/Ice        0%         N/A       100%        5
 Yara's Violent Unravell  Hex/Tmut       0%         3d3       100%        5
 Iron Shot                Conj/Erth      0%         9d1       100%        6
 Starburst                Conj/Fire      0%         6d3       100%        6
 Statue Form              Tmut/Erth      0%         N/A       100%        6
 Enfeeble                 Hex            0%         N/A       100%        7
 Lehudib's Crystal Spear  Conj/Erth      0%         10d2      100%        8
 Polar Vortex             Ice            0%         N/A       100%        9
 Shatter                  Erth           0%         3d5*      100%        9
 Animate Armour           Summ/Erth      Unusable   N/A       N/A         4
 Summon Ice Beast         Ice/Summ       Unusable   N/A       N/A         4
 Simulacrum               Ice/Necr       Unusable   N/A       N/A         6
 Malign Gateway           Summ/Tloc      Unusable   N/A       N/A         7
 Infestation              Necr           Unusable   N/A       N/A         8
 Summon Horrible Things   Summ           Unusable   N/A       N/A         8

Dungeon Overview and Level Annotations

Branches:
Dungeon (15/15)            Temple (1/1) D:4            Lair (5/5) D:9
 Shoals (4/4) Lair:3        Snake (4/4) Lair:2        Slime (0/5) Lair:5
    Orc (2/2) D:12            Elf (3/3) Orc:2        Vaults (0/5) D:14
 Depths (3/4) D:15          IceCv (visited)         Gauntlet (visited)

Altars:
Ashenzari
Cheibriados
Dithmenos
Elyvilon
Fedhas
Gozag
Hepliaklqana
Kikubaaqudgha
Makhleb
Nemelex Xobeh
Okawaru
Qazlal
Ru
Sif Muna
Trog
Uskayaw
Vehumet
Wu Jian
Xom
Yredelemnul
Zin
The Shining One
Lugonu

Shops:
D:1 (   D:2 [   D:5 *   D:7 :   D:9 (   D:10 ?   D:11 ?   Orc:1 [   Orc:2 [!:!
Elf:3 *[(   Shoals:1 =   Snake:1 (=:=

Portals:
Hell: Depths:1 Depths:2
Abyss: Lair:5
Pandemonium: Orc:2 Depths:2 Depths:3
Ziggurat: Depths:1

Annotations:
Depths:1 3 runed translucent doors, Ontein's ghost, adept MiBe
Depths:3 Boris; Grunn


Innate Abilities, Weirdness & Mutations

You have a pair of horns on your head.
You reflexively headbutt those who attack you in melee.


Message History

You continue taking off the +1 cloak of Qoclich {-Tele rN++}.
You block the doom hound's attack. x2
The doom hound bites you but does no damage.
The doom hound misses you.
You continue taking off the +1 cloak of Qoclich {-Tele rN++}.
You block the doom hound's attack. x2; The doom hound barely misses you.
You furiously retaliate!
You headbutt the doom hound! The doom hound claws you!
* * * LOW HITPOINT WARNING * * *
You block the doom hound's attack. The doom hound barely misses you.
You continue taking off the +1 cloak of Qoclich {-Tele rN++}.
You block the doom hound's attack. x2; The doom hound bites you!!
* * * LOW HITPOINT WARNING * * *
The doom hound claws you but does no damage.
You block the doom hound's attack.
The doom hound claws you but does no damage.
You finish taking off the +1 cloak of Qoclich {-Tele rN++}.
As you read the scroll of teleportation, it crumbles to dust.
You feel strangely unstable. The doom hound completely misses you.
You furiously retaliate!
You headbutt the doom hound! You block the doom hound's attack.
The doom hound closely misses you.
The doom hound claws you but does no damage.
The putrid mouth throws miasma at you.
The foul vapour engulfs the doom hound.
The doom hound completely resists.
The doom hound attacks as you move away!
You block the doom hound's attack. The doom hound closely misses you.
The doom hound unleashes a terrible howl, and it begins to echo in your mind!
You block the doom hound's attack. The doom hound completely misses you.
The doom hound bites you but does no damage.
The doom hound completely misses you.
You slice the doom hound!! Your headbutt misses the doom hound.
The doom hound is moderately wounded.
You miss the doom hound.
The doom hound bites you but does no damage.
The doom hound claws you but does no damage.
You block the doom hound's attack. x2
You closely miss the doom hound.
The doom hound is moderately wounded.
You hit the doom hound. You block the doom hound's attack. x2
The doom hound bites you!!
You die...

###### #@h21####
########h##1h..##
#.#.##.°{W##.#..#
####.#..#.##°2°..#2##
#####.#...#.#.##°°C###..#
#.....#...#......##..#..#
#.##.#.....#...##....#..#
#.#..#.....#.##.....#...#
##.#.#.....^.......(.#...#


You could see 3 doom hounds, 2 Tzitzimimeh, a frost giant, a reaper, a putrid
mouth and a tormentor.

Vanquished Creatures
  Bai Suzhen (Elf:3)
  Vashnia (Snake:4)
  Nikola (Snake:2)
  the Enchantress (Depths:3)
  Jorgrun (D:14)
  An Ice Fiend (IceCv)
  2 deep elf master archers (Elf:3)
  Zenata (Elf:1)
  3 deep elf blademasters
  Polyphemus (Shoals:4)
  2 krakens
  A tengu reaver (Depths:3)
  11 nagarajas
  2 fire giants (Depths:3)
  Ilsuiw (Shoals:4)
  A frost giant (Depths:2)
  6 deep elf sorcerers (Elf:3)
  Aizul (Snake:1)
  A balrug (Depths:3)
  2 deep elf elementalists (Elf:3)
  3 spriggan defenders (Depths:3)
  4 stone giants
  The ghost of rlgrobin the Spear-Bearer, a journeyman DsFi of Qazlal (Shoals:3)
  9 very ugly things
  7 deep elf demonologists (Elf:3)
  Nessos (Lair:5)
  A minotaur (Gauntlet)
  5 spark wasps
  5 deep elf annihilators (Elf:3)
  Snorg (D:10)
  10 deep elf death magi
  12 merfolk impalers
  A blizzard demon (Depths:2)
  7 merfolk javelineers
  2 deep elf high priests
  6 ettins
  2 ice dragons
  5 hydras
  3 vault guards (D:14)
  A salamander tyrant (Snake:4)
  2 boulder beetles
  A rakshasa (Depths:2)
  2 caustic shrike simulacra (IceCv)
  12 anacondas
  A ghost crab (Gauntlet)
  2 demonspawn (Orc:2)
  3 spriggan air magi
  3 merfolk avatars
  6 catoblepae
  The ghost of Peloso the Carver, a novice MiFi (D:9)
  23 dancing weapons
  14 naga warriors
  A two-headed ogre (D:9)
  A death knight (D:14)
  5 merfolk aquamancers
  4 satyrs
  2 deep troll shamans
  4 centaur warriors
  6 death yaks
  7 orc high priests (Orc:2)
  4 thrashing horrors (Lair:5)
  3 spriggan berserkers
  3 tengu warriors
  5 deep troll earth magi
  4 shock serpents (Snake:4)
  11 deep elf knights
  13 naga sharpshooters
  Nergalle (Lair:2)
  Urug (D:12)
  Sonja (Lair:3)
  8 iron trolls
  2 salamander mystics
  A skeletal warrior (D:15)
  11 deep trolls
  2 sixfirhies
  Lodul (D:12)
  5 naga ritualists
  2 bog bodies (IceCv)
  10 sea snakes
  2 obsidian statues (IceCv)
  A phantasmal warrior (D:15)
  8 deep elf archers
  A lindwurm (Lair:5)
  4 wizards
  A spriggan simulacrum (IceCv)
  23 deep elf zephyrmancers
  26 harpies
  A harpy (shapeshifter) (D:14)
  10 mana vipers
  4 orc sorcerers (Orc:2)
  4 orc knights (Orc:2)
  24 deep elf pyromancers
  19 manticores
  14 salamanders
  A necromancer (D:15)
  17 ugly things
  3 moths of wrath
  20 fauns
  3 cyclopes
  A wolf spider (shapeshifter) (Depths:2)
  2 stone giant skeletons (D:15)
  A guardian serpent (shapeshifter) (Depths:1)
  16 naga magi
  A black mamba (shapeshifter) (D:14)
  2 smoke demons (Lair:5)
  26 black mambas
  15 merfolk sirens
  4 guardian serpents
  3 water nymphs
  2 rust devils
  A cane toad (shapeshifter) (Lair:5)
  2 cane toads (Lair:5)
  4 orange demons
  A gargoyle (D:9)
  An unseen horror (D:11)
  3 rime drakes
  4 freezing wraiths
  9 komodo dragons
  2 golden dragon simulacra (IceCv)
  A spriggan skeleton (D:15)
  2 tengu conjurers
  A guardian mummy (D:15)
  2 ancient zymes (Lair:5)
  3 ice devils
  4 meliai
  A queen bee (D:9)
  21 merfolk
  5 trolls
  8 wind drakes
  3 polar bears (Lair:5)
  Grinder (D:5)
  A wind drake (shapeshifter) (Elf:3)
  2 hornets
  22 slime creatures
  22 blink frogs
  11 dream sheep
  7 snapping turtles
  Sigmund (D:3)
  A centaur simulacrum (D:14)
  2 spriggans
  9 small abominations (Lair:5)
  53 yaks
  4 wyverns
  12 basilisks
  2 wraiths (D:14)
  6 ynoxinuls
  9 humans (D:14)
  4 fire bats (Lair:5)
  A dire elephant simulacrum (IceCv)
  6 water elementals
  2 humans (shapeshifter)
  2 minotaur simulacra (IceCv)
  4 redbacks
  9 vampire mosquitoes
  4 chaos spawn
  An acid dragon (D:11)
  37 nagas
  A swamp worm (shapeshifter) (D:14)
  2 harpy simulacra (IceCv)
  2 wargs (D:9)
  24 water moccasins
  3 hydra simulacra (IceCv)
  A meliai simulacrum (D:14)
  28 orc warriors
  An alligator simulacrum (IceCv)
  A sky beast (D:8)
  2 ice beasts (D:7)
  3 ettin simulacra (IceCv)
  A floating eye zombie (D:15)
  11 ogres
  11 wolves
  5 centaurs
  4 phantoms
  A kobold brigand (D:7)
  15 bullfrogs
  3 gnoll sergeants
  5 scorpions
  11 wights
  10 killer bees
  An electric eel (D:14)
  4 howler monkeys
  A lava snake (Lair:5)
  3 hounds
  24 orc priests
  A jelly (D:7)
  Crazy Yiuf (D:2)
  A gnoll bouda (D:7)
  6 iguanas
  20 orc wizards
  2 hell rats (Lair:1)
  Robin (D:4)
  11 gnolls
  8 adders
  9 river rats (Lair:1)
  2 white imps
  A worm (D:3)
  54 orcs
  11 ball pythons
  8 bats
  6 endoplasms
  4 giant cockroaches
  13 goblins
  12 hobgoblins
  12 jackals
  9 kobolds
  2 quokkas
  4 frilled lizards (D:1)
  2 rats (D:2)
  6 tentacles
1271 creatures vanquished.

Vanquished Creatures (others)
  A deep elf knight (Elf:2)
  A deep elf pyromancer (Elf:1)
  A deep elf zephyrmancer (Elf:2)
  A snapping turtle (Shoals:4)
  A naga (Snake:4)
  A wolf (Lair:5)
  38 demonic plants
  16 fungi
  67 plants
  17 tentacles
  3 withered plants
147 creatures vanquished.

Grand Total: 1418 creatures vanquished

Notes
Turn   | Place    | Note
-------+----------+-------------------------------------------
     0 | D:1      | EarthwalkerPL the Minotaur Fighter began the quest for the
                  | Orb.
     0 | D:1      | Reached XP level 1. HP: 19/19 MP: 0/0
   169 | D:1      | Reached XP level 2. HP: 18/27 MP: 1/1
   370 | D:1      | Found Birekuj's Weapon Shoppe.
   569 | D:1      | Reached XP level 3. HP: 33/33 MP: 2/2
   618 | D:1      | Found a faded altar of an unknown god.
  1088 | D:2      | Found Vicay's Antique Armour Shoppe.
  1116 | D:2      | Reached XP level 4. HP: 29/41 MP: 3/3
  1504 | D:2      | Found a runed translucent door.
  1505 | D:2      | Noticed Crazy Yiuf
  1864 | D:2      | Killed Crazy Yiuf
  2038 | D:3      | Noticed a phantom
  2051 | D:3      | Killed a phantom
  2052 | D:3      | Reached skill level 5 in Fighting
  2052 | D:3      | Reached skill level 5 in Armour
  2052 | D:3      | Reached XP level 5. HP: 45/48 MP: 4/4
  2157 | D:3      | Noticed Sigmund
  2164 | D:3      | Killed Sigmund
  2165 | D:3      | Reached XP level 6. HP: 50/56 MP: 5/5
  2796 | D:4      | Reached skill level 5 in Axes
  2810 | D:4      | Reached XP level 7. HP: 40/62 MP: 6/6
  2975 | D:4      | Found a sacrificial altar of Ru.
  3006 | D:4      | You fall into a shaft and drop 3 floors!
  3006 | D:7      | Found Ugihushra's Book Boutique.
  3014 | D:7      | Reached skill level 5 in Shields
  3027 | D:7      | Found a hide-covered altar of Uskayaw.
  3989 | D:7      | Reached XP level 8. HP: 68/71 MP: 7/7
  4443 | D:7      | Found a bloodstained altar of Trog.
  4555 | D:7      | Found a shadowy altar of Dithmenos.
  4814 | D:7      | Found a snail-covered altar of Cheibriados.
  4851 | D:7      | Found a white marble altar of Elyvilon.
  5128 | D:6      | Reached XP level 9. HP: 73/82 MP: 8/8
  6042 | D:6      | Found an ornate altar of the Wu Jian Council.
  6255 | D:5      | Entered Level 5 of the Dungeon
  6589 | D:5      | Found Quagg's Assorted Antiques.
  6659 | D:5      | Noticed Grinder
  6671 | D:5      | Killed Grinder
  6991 | D:4      | Noticed Robin
  7005 | D:4      | Killed Robin
  7049 | D:4      | Found a staircase to the Ecumenical Temple.
  7059 | Temple   | Entered the Ecumenical Temple
  7157 | Temple   | Became a worshipper of Warmaster Okawaru
  7275 | D:4      | Found a blossoming altar of Fedhas.
  7602 | D:8      | Reached * piety under Okawaru
  8131 | D:9      | Found a sparkling altar of Nemelex Xobeh.
  8181 | D:9      | Found Foufup's Weapon Boutique.
  8214 | D:9      | Reached XP level 10. HP: 67/93 MP: 9/9
  8214 | D:9      | Found a staircase to the Lair.
  8232 | D:9      | Reached skill level 10 in Fighting
  8232 | D:9      | Reached skill level 10 in Armour
  8241 | D:9      | Reached ** piety under Okawaru
  8482 | D:9      | Reached skill level 10 in Axes
  8559 | D:9      | Noticed a centaur warrior
  8570 | D:9      | Killed a centaur warrior
  9033 | D:9      | Noticed a gargoyle
  9044 | D:9      | Killed a gargoyle
  9044 | D:9      | Reached *** piety under Okawaru
  9078 | D:9      | Noticed a two-headed ogre
  9384 | D:9      | Found a transporter.
  9386 | D:9      | Found a transporter.
  9387 | D:9      | Noticed Peloso's ghost (novice MiFi)
  9814 | D:10     | Entered Level 10 of the Dungeon
 10149 | D:10     | Identified the +8 war axe of Conscience {vorpal, rN+ Str+4
                  | Int+4}
 10523 | D:10     | Reached XP level 11. HP: 99/102 MP: 10/10
 10590 | D:10     | Found Kieroit's Magic Scroll Emporium.
 10596 | D:10     | Bought a scroll of identify for 28 gold pieces
 10596 | D:10     | Bought a scroll of identify for 28 gold pieces
 10882 | D:10     | Noticed Snorg
 10899 | D:10     | Killed Snorg
 10899 | D:10     | Reached **** piety under Okawaru
 11384 | D:11     | Reached skill level 1 in Dodging
 11384 | D:11     | Reached skill level 1 in Invocations
 11521 | D:11     | Reached skill level 1 in Throwing
 11586 | D:11     | Noticed a cyan ugly thing
 11607 | D:10     | Killed a cyan ugly thing
 11675 | D:11     | Received a gift from Okawaru
 12163 | D:11     | Found Wotireir's Magic Scroll Shoppe.
 12195 | D:11     | Noticed a brown ugly thing
 12204 | D:11     | Killed a brown ugly thing
 12577 | D:11     | Got the Quarto of Arenous Misery
 12773 | D:12     | Noticed a centaur warrior
 12780 | D:11     | Reached ***** piety under Okawaru
 12837 | D:12     | Noticed a boulder beetle
 12837 | D:12     | Noticed a white ugly thing
 13343 | D:12     | Noticed Lodul
 13343 | D:12     | Noticed Urug
 13468 | D:11     | Killed a centaur warrior
 13675 | D:11     | Killed a white ugly thing
 14005 | D:11     | Received a gift from Okawaru
 14032 | D:11     | Killed a boulder beetle
 14033 | D:11     | Reached XP level 12. HP: 113/113 MP: 13/13
 14357 | D:12     | Killed Urug
 14357 | D:12     | Identified the +12 crystal plate armour of the Conjuring
                  | Gods {rElec Will+ Int+4} (Okawaru gifted it to you on level
                  | 12 of the Dungeon)
 14357 | D:12     | Received a gift from Okawaru
 14563 | D:12     | Killed Lodul
 14822 | D:12     | Found a staircase to the Orcish Mines.
 15318 | D:13     | Noticed a catoblepas
 15328 | D:13     | Killed a catoblepas
 15635 | D:13     | Noticed a centaur warrior
 15644 | D:13     | Killed a centaur warrior
 15838 | D:9      | Killed a two-headed ogre
 15861 | Lair:1   | Entered Level 1 of the Lair of Beasts
 16166 | Lair:1   | Reached skill level 10 in Shields
 16571 | Lair:2   | Found a staircase to the Snake Pit.
 16584 | Lair:2   | Received a gift from Okawaru
 16672 | Lair:2   | Reached ****** piety under Okawaru
 16914 | Lair:2   | Noticed an eight-headed hydra
 16935 | Lair:2   | Killed an eight-headed hydra
 17026 | Lair:2   | Reached XP level 13. HP: 93/123 MP: 15/15
 17204 | Lair:2   | Noticed Sonja
 17204 | Lair:2   | Noticed Nergalle
 17237 | Lair:3   | Found a gate leading to a gauntlet.
 17250 | Gauntlet | Entered a Gauntlet
 17250 | Gauntlet | Found a transporter.
 17250 | Gauntlet | Found a transporter.
 17250 | Gauntlet | Found a transporter.
 17251 | Gauntlet | Found a transporter.
 17254 | Gauntlet | Found a transporter.
 17265 | Gauntlet | Found a transporter.
 17286 | Gauntlet | Found a transporter.
 17308 | Gauntlet | Found a transporter.
 17325 | Gauntlet | Found a transporter.
 17333 | Gauntlet | Found a transporter.
 17351 | Gauntlet | Found a transporter.
 17408 | Gauntlet | Found a transporter.
 17555 | Gauntlet | Identified the +1 dire flail "Killer Bee's Doom" {freeze,
                  | Fly rC++ rN+}
 17570 | Gauntlet | Identified the +3 tower shield of Rationality {Regen+}
                  | (Okawaru gifted it to you in a Gauntlet)
 17570 | Gauntlet | Received a gift from Okawaru
 17571 | Gauntlet | Reached skill level 5 in Dodging
 17582 | Gauntlet | Identified the ring of Divine Compulsion {rF+ rCorr}
 17637 | Gauntlet | Noticed a minotaur
 17654 | Gauntlet | Killed a minotaur
 17663 | Gauntlet | Got Afi Kife's Spellbook of Elliptic Terrain
 17667 | Gauntlet | Identified the +1 hat of Lifelessness {Int+4 Dex-4}
 17745 | Lair:3   | Killed Sonja
 17757 | Lair:2   | Killed Nergalle
 18194 | Lair:2   | Reached skill level 5 in Invocations
 19066 | Lair:3   | Found a staircase to the Shoals.
 19156 | Lair:3   | Reached skill level 5 in Throwing
 19408 | Lair:4   | You fall into a shaft and drop 1 floor!
 19408 | Lair:5   | Entered Level 5 of the Lair of Beasts
 19547 | Lair:5   | Received a gift from Okawaru
 20487 | Lair:5   | Noticed Nessos
 20699 | Lair:4   | Identified the +1 robe of the Armoured One {Will+ MP+9
                  | Int+3 Archmagi} (Okawaru gifted it to you on level 4 of the
                  | Lair of Beasts)
 20699 | Lair:4   | Received a gift from Okawaru
 20742 | Lair:5   | Reached XP level 14. HP: 118/133 MP: 17/17
 20943 | Lair:5   | Killed Nessos
 21097 | Lair:5   | Reached skill level 15 in Fighting
 21178 | Lair:5   | Reached skill level 15 in Armour
 21299 | Lair:5   | Reached skill level 15 in Axes
 21519 | Lair:5   | Identified the +0 pair of gloves "Tatoexas" {rC+} (Okawaru
                  | gifted it to you on level 5 of the Lair of Beasts)
 21519 | Lair:5   | Received a gift from Okawaru
 21660 | Lair:5   | Found a corrupted altar of Lugonu.
 21660 | Lair:5   | Found a one-way gate to the infinite horrors of the Abyss.
 21665 | Lair:5   | Identified the +3 scale mail "Ecigofirch" {rElec Dex+2}
 21674 | Lair:5   | Identified the +10 mace of the Vine {antimagic, rF+ rN+}
 21860 | Lair:5   | Found a staircase to the Slime Pits.
 22282 | Orc:1    | Entered Level 1 of the Orcish Mines
 22671 | Orc:2    | Entered Level 2 of the Orcish Mines
 22797 | Orc:2    | Found a staircase to the Elven Halls.
 23207 | Orc:2    | Found Lymur's Distillery.
 23217 | Orc:2    | Found Lasirepu's Distillery.
 23757 | Orc:2    | Received a gift from Okawaru
 23758 | Orc:2    | Reached XP level 15. HP: 88/143 MP: 19/19
 23853 | Orc:2    | Found Romelag's Antique Armour Boutique.
 23853 | Orc:2    | Found Vut Kauth's Book Shop.
 23853 | Orc:2    | Found a one-way gate leading to the halls of Pandemonium.
 23862 | Orc:2    | Bought a pair of embroidered boots for 225 gold pieces
 23965 | Orc:1    | Found Saicenir's Antique Armour Shoppe.
 24059 | Orc:1    | Bought the +3 pair of gauntlets of War {Slay+5} for 1520
                  | gold pieces
 24059 | Orc:1    | Found the +3 pair of gauntlets of War {Slay+5}
 24338 | D:9      | Killed Peloso's ghost
 24579 | D:2      | Bought a polished cloak for 247 gold pieces
 24579 | D:2      | Identified the +1 cloak of Qoclich {-Tele rN++} (You bought
                  | it in a shop on level 2 of the Dungeon)
 25008 | D:14     | Noticed Jorgrun
 25014 | D:14     | Killed Jorgrun
 25219 | D:14     | Identified the +0 tower shield "Roxzun" {Fly Str-4 Int+5
                  | SInv} (Okawaru gifted it to you on level 14 of the Dungeon)
 25219 | D:14     | Received a gift from Okawaru
 25456 | D:14     | Found a gate to the Vaults.
 25479 | D:14     | Identified the +5 great sword "Voimappe" {vorpal, Fly}
 25821 | D:15     | Entered Level 15 of the Dungeon
 25896 | D:15     | Found a staircase to the Depths.
 26484 | D:15     | Identified the +1 robe "Bounkiwa" {Will+}
 26498 | D:15     | Found a stormy altar of Qazlal.
 26902 | Shoals:1 | Entered Level 1 of the Shoals
 26902 | Shoals:1 | Found Asman's Jewellery Shop.
 27319 | Shoals:1 | Noticed a kraken
 27330 | Shoals:1 | Killed a kraken
 27485 | Shoals:1 | Identified the +0 pair of gloves of Impish Liberty {rC+
                  | Int+7 Stlth-} (Okawaru gifted it to you on level 1 of the
                  | Shoals)
 27485 | Shoals:1 | Received a gift from Okawaru
 28013 | Shoals:2 | Reached XP level 16. HP: 155/155 MP: 20/20
 28419 | Shoals:2 | Noticed a kraken
 29091 | Shoals:2 | Killed a kraken
 29417 | Shoals:3 | Found a transporter.
 29462 | Shoals:3 | Found a transporter.
 29479 | Shoals:3 | Noticed rlgrobin's ghost (journeyman DsFi)
 29558 | Shoals:3 | Found a bloodstained altar of Trog.
 30823 | Shoals:3 | Killed rlgrobin's ghost
 31195 | Shoals:4 | Entered Level 4 of the Shoals
 31329 | Shoals:4 | Got Afatid's Octavo of Dislocation and the Lungs
 31418 | Shoals:4 | Found a runed translucent door.
 31437 | Shoals:4 | Received a gift from Okawaru
 31439 | Shoals:4 | Noticed Polyphemus
 31464 | Shoals:4 | Killed Polyphemus
 31835 | Shoals:4 | Noticed Ilsuiw
 31856 | Shoals:4 | Killed Ilsuiw
 31888 | Shoals:4 | Reached XP level 17. HP: 133/163 MP: 22/22
 31935 | Shoals:4 | Received a gift from Okawaru
 33268 | Shoals:4 | Got a barnacled rune of Zot
 33368 | Shoals:4 | Identified the +3 ring mail "Urekkeuq" {rElec rPois Regen+
                  | rCorr}
 33539 | Shoals:4 | Identified the +2 hat "Vorihum" {Dex+2} (Okawaru gifted it
                  | to you on level 4 of the Shoals)
 33539 | Shoals:4 | Received a gift from Okawaru
 33880 | Snake:1  | Entered Level 1 of the Snake Pit
 33977 | Snake:1  | Noticed Aizul
 33994 | Snake:1  | Killed Aizul
 34395 | Snake:1  | Found Icodi's Weapon Boutique.
 34592 | Snake:1  | Found Verphewi's Book Shoppe.
 34593 | Snake:1  | Found Juyl's Jewellery Boutique.
 34593 | Snake:1  | Found Tukluhots's Jewellery Boutique.
 34783 | Snake:2  | Reached skill level 10 in Dodging
 34887 | Snake:2  | Found a frozen archway.
 34902 | IceCv    | Entered an ice cave
 35043 | IceCv    | Identified a scroll of acquirement
 35044 | IceCv    | Acquired 646 gold pieces
 35325 | IceCv    | Noticed an Ice Fiend
 35341 | IceCv    | Killed an Ice Fiend
 35723 | Snake:2  | Found a hide-covered altar of Uskayaw.
 35759 | Snake:2  | Received a gift from Okawaru
 35787 | Snake:2  | Noticed Nikola
 35798 | Snake:2  | Killed Nikola
 36556 | Snake:3  | Reached XP level 18. HP: 159/176 MP: 16/24
 36958 | Snake:4  | Entered Level 4 of the Snake Pit
 37714 | Snake:4  | Received a gift from Okawaru
 38051 | Snake:4  | Reached skill level 10 in Invocations
 38097 | Snake:4  | Got a serpentine rune of Zot
 38296 | Snake:4  | Noticed Vashnia
 38315 | Snake:4  | Killed Vashnia
 38620 | Snake:4  | Reached skill level 10 in Throwing
 38741 | Snake:1  | Bought the amulet of Zafanofu {Acrobat Rampage rF+ rC+
                  | Int+4} for 891 gold pieces
 38961 | Elf:1    | Entered Level 1 of the Elven Halls
 39041 | Elf:1    | Noticed Zenata
 39053 | Elf:1    | Killed Zenata
 39106 | Elf:1    | Found an ancient bone altar of Kikubaaqudgha.
 39352 | Elf:1    | Received a gift from Okawaru
 39692 | Elf:1    | Found the +3 giant club "Skullcrusher" {speed, Str+7}
 40139 | Elf:2    | Found a runed translucent gate.
 40139 | Elf:2    | Found a runed translucent gate.
 40139 | Elf:2    | Found a runed translucent gate.
 40272 | Elf:2    | Reached XP level 19. HP: 169/184 MP: 25/25
 40280 | Elf:2    | Received a gift from Okawaru
 41138 | Elf:3    | Entered Level 3 of the Elven Halls
 41213 | Elf:3    | Found Ipihoah's Weapon Shop.
 41218 | Elf:3    | Found Tur Juor's Antique Armour Shop.
 41260 | Elf:3    | Bought a dazzling cloak for 332 gold pieces
 41260 | Elf:3    | Identified the +1 cloak "Uhiqolodgh" {rN+} (You bought it
                  | in a shop on level 3 of the Elven Halls)
 41295 | Elf:3    | Noticed Bai Suzhen
 41409 | Elf:3    | Killed Bai Suzhen
 41851 | Elf:3    | Found Nafir's Assorted Antiques.
 41961 | Elf:3    | Reached skill level 15 in Shields
 42312 | Elf:3    | Noticed a Tzitzimitl
 42772 | Elf:3    | Identified the +7 battleaxe "Orisku" {elec, Fragile rF+
                  | rC++}
 42799 | Elf:3    | Received a gift from Okawaru
 42873 | Elf:3    | Noticed a Brimstone Fiend
 43147 | Elf:3    | Received a gift from Okawaru
 43149 | Elf:3    | Noticed a Brimstone Fiend
 43438 | Elf:3    | Received a gift from Okawaru
 43603 | Elf:3    | Identified the +8 short sword of Nuhism {pain, Str+3 Int+4}
 43688 | Elf:3    | Identified the +0 scale mail of the Onion {Rampage}
 43704 | Elf:3    | Identified the +0 plate armour "Tuchie" {-Cast Dex+5}
 43725 | Elf:3    | Got the Handbook of the Earth
 43957 | Depths:1 | Entered Level 1 of the Depths
 43960 | Depths:1 | Found a runed translucent gate.
 44154 | Depths:1 | Found a gateway to Hell.
 44187 | Depths:1 | Received a gift from Okawaru
 44241 | Depths:1 | Noticed a dread lich
 44241 | Depths:1 | Noticed a dread lich
 44242 | Depths:1 | Found a one-way gateway to a ziggurat.
 44242 | Depths:1 | Identified the +6 spear of Taxation {pain, rC+ Str+2}
 44431 | Depths:1 | Found a radiant altar of Vehumet.
 44655 | Depths:1 | Found a runed translucent gate.
 44655 | Depths:1 | Found a runed translucent gate.
 44655 | Depths:1 | Noticed Ontein's ghost (adept MiBe)
 44655 | Depths:1 | Noticed an ancient lich
 45068 | Depths:2 | Reached XP level 20. HP: 195/195 MP: 27/27
 45085 | Depths:2 | Received a gift from Okawaru
 46189 | Depths:3 | Noticed the Enchantress
 46199 | Depths:3 | Received a gift from Okawaru
 46208 | Depths:3 | Killed the Enchantress
 46522 | Depths:3 | Identified the +1 buckler of the Gnashing Gods {Rampage}
 46664 | Depths:3 | Noticed Grunn
 46664 | Depths:3 | Noticed a doom hound
 46664 | Depths:3 | Noticed a doom hound
 46664 | Depths:3 | Noticed Boris
 46665 | Depths:3 | Noticed a doom hound
 46696 | Depths:3 | Slain by a doom hound

Illustrated notes

Levels and vault maps discovered:
D:1:      ncdulo_lavacross, layout_basic, shapermc_ecumenical_altar_notcrosses,
          serial_shops, nicolae_shop_behind_doors, serial_aquarium,
          aquarium_bridge_square [aquarium_subvault_wall,
          aquarium_subvault_wall, aquarium_subvault_bridge,
          aquarium_subvault_balcony], aquarium_window_2, aquarium_window_1,
          aquarium_view_2a, aquarium_view_2d, minmay_statues_item,
          minmay_hexomino_c4
D:2:      layout_loops_ring, serial_shops, nicolae_diamond_shop,
          uniq_crazy_yiuf_cottage
D:3:      layout_basic, minmay_checkerbox, uniq_sigmund
D:4:      layout_rooms, nicolae_ru_awakened_eye, fedhas_altar_2,
          minmay_temple_entry_statues_pillars, uniq_robin
D:5:      layout_basic, serial_shops, shop, corexii_checkpoint_b, uniq_grinder
D:6:      layout_layer_cave, pdpol_wu_jian_five_deadly_venoms, minmay_hedge_maze
D:7:      layout_layer_cave, kennysheep_mini_moat, marbit_many_paths,
          mainiacjoe_overflow_small_starburst, mainiacjoe_overflow_two_lobes,
          serial_shops, shop, minmay_fractal_squares_gapless_5
D:8:      layout_basic
D:9:      nzn_winding_woodlands_small [nzn_winding_woodlands_5x15_jagged,
          nzn_winding_woodlands_center_triple_pond,
          nzn_winding_woodlands_5x15_parted], layout_loops_ring,
          mainiacjoe_overflow_alcove_4, erik_lair_orcish_takeover, serial_shops,
          nicolae_inconvenience_store, gammafunk_ghost_hive
D:10:     layout_loops_corners, serial_shops, nicolae_diamond_shop, hex_large,
          uniq_snorg
D:11:     layout_basic, serial_aquarium, aquarium_bridge_square
          [aquarium_subvault_bridge, aquarium_subvault_wall,
          aquarium_subvault_bridge, aquarium_subvault_balcony],
          aquarium_window_1, aquarium_window_1, aquarium_window_corner,
          aquarium_view_2b, aquarium_view_2e, aquarium_pool_2, serial_shops,
          kennysheep_mini
D:12:     layout_cross, orc_0_dummy, minmay_misc_feat_rows, uniq_lodul,
          uniq_urug
D:13:     layout_cave_pools, serial_demonic, serial_demonic_g, serial_demonic_e,
          serial_demonic_g, serial_demonic_f
D:14:     layout_basic, ximxim_vaults_locker_room, minmay_misc_feat_tower,
          dreamdust_wishing_well, uniq_jorgrun
D:15:     gammafunk_depths_entry_grave, layout_gridville,
          nicolae_qazlal_style_of_elements
Temple:   dshaligram_water_room_temple
Lair:1:   layout_roguey, st_stairs_4, nicolae_quartered_pool_little,
          kennysheep_rathole
Lair:2:   layout_layer_cave, minmay_snake_entry_six_corridors,
          chequers_serial_rivers_micro_b, minivault_26, beast_lair_carwin_6,
          serial_bayou_shore_a, infiniplex_staircase_pool, uniq_sonja,
          uniq_nergalle
Lair:3:   layout_roguey, elwin_shoals_entry_rooms, gauntlet_entry_generic,
          grunt_megastairs_3, lemuel_fruit_tree, lemuel_fruit_fields
Lair:4:   layout_regular_city
Lair:5:   hellmonk_lair_end_abyssal_woods, layout_gridlike, slime_entry_1,
          chequers_serial_rivers_small_3, cheibrodos_lair_lostbears,
          grunt_megastairs_5, infiniplex_staircase_pool_2, uniq_nessos
Shoals:1: layout_shoals, serial_shops, shop, nicolae_shoals_shepherds
Shoals:2: layout_shoals, argonaut_gorgonesque
Shoals:3: layout_shoals, gammafunk_ghost_wrathful_warriors
Shoals:4: shoals_end_simple, layout_shoals, shoals_ilsuiw_ice, lightli_airlock,
          uniq_polyphemus
Snake:1:  layout_onion_interference, nicolae_take_the_stairs, minmay_shop_grove,
          nicolae_triple_integral, uniq_aizul
Snake:2:  layout_misc_corridors, basic_altar, portal_ice_cave_entry_dragon,
          special_room, grunt_megastairs_1, uniq_nikola
Snake:3:  layout_cave_town
Snake:4:  grunt_snake_rune_pools, layout_onion_interference, uniq_vashnia
Orc:1:    layout_diamond_mine, serial_shops,
          nicolae_shop_competitors_out_of_business
Orc:2:    pf_orc_diabolical, layout_caves
Elf:1:    elf_arrival_001, layout_onion_city, basic_altar,
          kennysheep_underground_church, uniq_zenata
Elf:2:    elven_hall_of_blades_hangedman_original
          [nicolae_blade_entry_area_security], layout_rooms
Elf:3:    elf_hall, layout_gridlike, serial_shops, shop, minmay_shop_star,
          uniq_bai_suzhen
Depths:1: layout_cave_shapes, enter_ziggurat_d, gammafunk_ghost_necromancy,
          hell_entry, nicolae_concentric_dashed_squares_mild,
          nicolae_vehumet_radiance
Depths:2: regret_index_uskayaw_diablada_macabre, layout_cave_pools,
          serial_sigils_hangedman_gnaw, grunt_pan_entry_sceptre, hell_entry,
          infiniplex_staircase_zigzag_4
Depths:3: minmay_inner_zag, layout_honeycomb, pf_hell_entry_great_geh,
          abyss_entry_crystal, rand_demon_pan_entry_9,
          serial_sigils_hangedman_shear, minmay_staircase_windowed_small,
          serial_bayou_shore_b, uniq_boris, uniq_grunn, uniq_enchantress

Skill      XL: |  1  2  3  4  5  6  7  8  9 10 11 12 13 14 15 16 17 18 19 20 |
---------------+-------------------------------------------------------------+-----
Armour         | 4 5 6 8 9 11 12 13 14 15 16 17 19 20 21 | 21.3
Fighting       | 4 5 6 8 9 11 12 13 14 15 17 18 19 20 21 | 21.3
Axes           | 3 4 5 6 7 9 11 12 13 14 15 16 17 18 19 20 21 | 21.1
Shields        | 4 5 6 7 8 9 10 11 12 13 14 15 | 15.6
Dodging        | 3 4 6 7 8 9 10 11 12 | 12.4
Invocations    | 2 4 5 6 7 8 9 10 11 | 11.4
Throwing       | 2 4 5 6 7 8 9 10 11 | 11.3

Action                   |  1- 3 |  4- 6 |  7- 9 | 10-12 | 13-15 | 16-18 | 19-21 || total
-------------------------+-------+-------+-------+-------+-------+-------+-------++-------
Melee: War axe           |    91 |    76 |   279 |   457 |   975 |  1079 |   577 ||  3534
       Headbutt          |    11 |    13 |    40 |   117 |   199 |   288 |   146 ||   814
Throw: Dart              |       |     1 |     7 |    46 |    46 |    17 |       ||   117
       Javelin           |       |       |       |    14 |    23 |       |       ||    37
Invok: Heroism           |       |       |       |       |     1 |     1 |       ||     2
       Finesse           |       |       |       |       |     1 |     1 |       ||     2
  Use: Potion            |       |       |       |     8 |       |     1 |       ||     9
       Scroll            |       |       |       |    22 |     3 |     6 |     1 ||    32
 Stab: Petrified         |       |       |       |       |       |     1 |       ||     1
       Distracted        |       |       |       |       |       |       |     1 ||     1
Armor: Scale mail        |    51 |    18 |       |       |       |       |       ||    69
       Ice dragon scales |       |     7 |   154 |   128 |       |       |       ||   289
       Crystal plate arm |       |       |       |    91 |   534 |   547 |   340 ||  1512
Dodge: Dodged            |    50 |    53 |   147 |   221 |   234 |   343 |   216 ||  1264
Block: Buckler           |    17 |    16 |    73 |   123 |    17 |       |       ||   246
       Tower shield      |       |       |       |       |   773 |   944 |   284 ||  2001
       Kite shield       |       |       |       |       |       |    34 |   153 ||   187
       Reflection        |       |       |       |       |       |    12 |    19 ||    31
